 Dungeon Crawl Stone Soup version 0.30-a0-722-g3e6e8c874d (webtiles) character file.

Game seed: 11286759325747509782

261 Arximoufas the Insei (level 5, -1/37 HPs)
             Began as a Demonspawn Transmuter on Jan 28, 2023.
             Slain by an adder (2 damage)
             ... on level 3 of the Dungeon.
             The game lasted 00:08:50 (2413 turns).

Arximoufas the Insei (Demonspawn Transmuter)        Turns: 2413, Time: 00:08:50

Health: -1/37      AC:  4    Str: 10    XL:     5   Next: 96%
Magic:  8/8        EV: 12    Int: 15    God:
Gold:   105        SH:  0    Dex: 15    Spells: 7/8 levels left

rFire   . . .      SeeInvis .      - Unarmed
rCold   . . .      Faith    .    (no shield)
rNeg    . . .      Spirit   .    a - +0 robe
rPois   .          Reflect  .    (helmet restricted)
rElec   .          Harm     .    (no cloak)
rCorr   .          Rampage  .    m - +0 pair of gloves
Will    .....                    o - +0 pair of boots
Stlth   ++                       (no amulet)
HPRegen 0.26/turn                (no ring)
MPRegen 0.11/turn                (no ring)

@: brilliant, on berserk cooldown, slowed, very slow
A: horns 2, demonic guardian 1
a: no special abilities


You were on level 3 of the Dungeon.
You visited 1 branch of the dungeon, and saw 3 of its levels.

You collected 105 gold pieces.

Inventory:

Armour
 a - a +0 robe (worn)
 m - a +0 pair of gloves (worn)
 o - a +0 pair of boots (worn)
Jewellery
 f - a ring of fire
Scrolls
 h - 2 scrolls of identify
 j - a scroll of vulnerability {unknown}
 k - 2 scrolls of fog
 l - a scroll of silence {unknown}
Potions
 b - a potion of degeneration {unknown}
 c - a potion of attraction {unknown}
 d - a potion of haste {unknown}
 e - a potion of cancellation {unknown}
 g - a potion of berserk rage
 i - a potion of brilliance
 n - a potion of flight {unknown}


   Skills:
 - Level 1.0 Fighting
 - Level 1.7 Dodging
 + Level 3.1 Stealth
 + Level 4.1 Unarmed Combat
 - Level 2.0 Spellcasting
 + Level 3.6 Transmutations


You had 7 spell levels left.
You knew the following spells:

 Your Spells              Type           Power      Damage    Failure   Level
a - Beastly Appendage     Tmut           36%        N/A       4%          1

Your spell library contained the following spells:

 Spells                   Type           Power      Damage    Failure   Level
 Wereblood                Tmut           18%        N/A       8%          2
 Static Discharge         Conj/Air       4%         2-3/arc   32%         2
 Spider Form              Tmut/Pois      10%        N/A       32%         3
 Vhi's Electric Charge    Tloc/Air       4%         N/A       54%         3
 Ice Form                 Ice/Tmut       10%        N/A       71%         4
 Arcjolt                  Conj/Air       1%         1d11      99%         5
 Lightning Bolt           Conj/Air       1%         1d12      99%         5


Dungeon Overview and Level Annotations

Branches:
Dungeon (3/15)

Altars:

Shops:
D:1 [!?*=


Innate Abilities, Weirdness & Mutations

You have a pair of horns on your head.
A weak demonic guardian rushes to your aid.


Message History

Your shadow imp hits the orc.
You punch the orc!
You kill the orc!
You barely miss something. You claw something! Something hits you.
* * * LOW HITPOINT WARNING * * *
You miss something. Your kick misses something. Something hits you.
* * * LOW HITPOINT WARNING * * *
You miss something. Your kick misses something. You headbutt something.
Reactivating autopickup.
You feel a bit more experienced.
You start resting.
You feel a strong urge to attack something.
You start resting.
You feel your anger nearly subside.
You are no longer berserk.
You are exhausted.
You feel yourself slow down.
You start resting.
Your transformation is almost over.
An adder comes into view.
Found a runed falchion.
It was a potion of brilliance.
You feel clever all of a sudden.
Your shadow imp barely misses the adder.
Your shadow imp closely misses the adder.
Okay, then.
As you read the scroll labelled PIURIPSE WAFFI, it crumbles to dust.
It is a scroll of identify.
k - 2 scrolls of fog
Casting: Beastly Appendage (safe; 4% risk of failure)
Press: ? - help, Q - select action Dir - look around, f - activate
Okay, then.
The adder bites you but does no damage.
Your shadow imp hits the adder.
You hit the adder but do no damage.
The adder is moderately wounded.
Your talons disappear.
Your +0 pair of boots unmelds from your body.
The adder bites you.
* * * LOW HITPOINT WARNING * * *
The adder bites you.
You die...

.....#..........##..#.....(.
#...............##..#.......
...............###..#.......
#...........................
#.....>..#.#.#..............
#............#............
.#...#.[...#.#........#...
.....#.....#.#............
...#....#..@?....####
#........S.)......
...#....5)).###..
#...#....)..# #
#............#
....#.####....# ).....
.#...# #.... .#....# .#.
.##....


You could see an adder (ally target) and a friendly shadow imp (summoned).

Vanquished Creatures
  Sigmund (D:2)
  An orc wizard (D:3)
  Robin (D:2)
  A dart slug (D:2)
  4 orcs (D:3)
  3 bats
  3 endoplasms
  2 giant cockroaches
  7 goblins
  9 hobgoblins
  2 quokkas
  8 ball pythons
  A frilled lizard (D:1)
  6 kobolds
  A rat (D:1)
50 creatures vanquished.

Notes
Turn   | Place    | Note
-------+----------+-------------------------------------------
     0 | D:1      | Arximoufas the Demonspawn Transmuter began the quest for
                  | the Orb.
     0 | D:1      | Reached XP level 1. HP: 15/15 MP: 3/3
    76 | D:1      | Found Tociushri's Jewellery Boutique.
   488 | D:1      | Gained mutation: A weak demonic guardian rushes to your
                  | aid. [demonic ancestry]
   488 | D:1      | Reached XP level 2. HP: 21/21 MP: 5/5
   488 | D:1      | Found Uwnodgh's Distillery.
   497 | D:1      | Found Ereyhuni's Magic Scroll Shoppe.
   527 | D:1      | Found Zeallo's Assorted Antiques.
   616 | D:1      | Reached skill level 1 in Stealth
   697 | D:1      | Found Ysudief's Antique Armour Boutique.
   899 | D:1      | Reached skill level 3 in Unarmed Combat
  1461 | D:2      | Noticed Sigmund
  1522 | D:2      | Noticed Robin
  1534 | D:2      | Discovered your monstrous ancestry.
  1534 | D:2      | Gained mutation: You have a pair of small horns on your
                  | head. [demonic ancestry]
  1534 | D:2      | Reached XP level 3. HP: 26/26 MP: 6/6
  1543 | D:2      | Killed Robin
  1762 | D:2      | Killed Sigmund
  1763 | D:2      | Reached skill level 4 in Unarmed Combat
  1763 | D:2      | Reached XP level 4. HP: 32/32 MP: 7/7
  1763 | D:2      | Gained mutation: You have a pair of horns on your head.
                  | [demonic ancestry]
  1763 | D:2      | Reached XP level 5. HP: 37/37 MP: 8/8
  2400 | D:3      | HP: 1/55 [something (3)]
  2413 | D:3      | HP: 1/37 [adder (3)]
  2413 | D:3      | Slain by an adder

Illustrated notes

Levels and vault maps discovered:
D:1:      minmay_arrival_stone_box, layout_basic, serial_aquarium,
          aquarium_bridge_square [aquarium_subvault_window,
          aquarium_subvault_wall, aquarium_subvault_wall,
          aquarium_subvault_bridge], aquarium_bridge_square
          [aquarium_subvault_bridge, aquarium_subvault_wall,
          aquarium_subvault_window, aquarium_subvault_bridge],
          aquarium_window_1, aquarium_window_1, aquarium_view_2a,
          aquarium_view_2a, serial_shops, shop_fountains,
          nicolae_shop_behind_doors, nicolae_shop_hallway_plus,
          nicolae_shop_crystal, shop
D:2:      layout_loops_ring, basic_altar, uniq_robin, uniq_sigmund
D:3:      layout_rooms, kennysheep_generic_room_10

Skill      XL: |  1  2  3  4  5 |
---------------+----------------+-----
Transmutations | 2 3 |  3.6
Stealth        | 1 2 3 |  3.1
Unarmed Combat | 3 4 |  4.1
Fighting       | |  1.0
Dodging        | |  1.7
Spellcasting   | |  2.0

Action                     |  1- 3 |  4- 6 || total
---------------------------+-------+-------++-------
  Melee: Unarmed           |    96 |    37 ||   133
         Kick              |     8 |     6 ||    14
         Punch             |     2 |     2 ||     4
         Headbutt          |     6 |     4 ||    10
   Cast: Beastly Appendage |    19 |     4 ||    23
    Use: Potion            |     2 |     2 ||     4
         Scroll            |       |     1 ||     1
   Stab: Sleeping          |     3 |       ||     3
 Armour: Skin              |    19 |       ||    19
         Robe              |     6 |     6 ||    12
  Dodge: Dodged            |    29 |    27 ||    56

Table legend: (Time is in decaauts)
 A = Elapsed time spent in this place.
 B = Non-inter-level travel time spent in this place.
 C = Inter-level travel time spent in this place.
 D = Time resting spent in this place.
 E = Time spent auto-exploring this place.
 F = Levels seen in this place.
 G = Mean time per level.
                   A        B        C        D        E       F      G
               +--------+--------+--------+--------+--------+-----+--------+
         Total |   2405 |   2225 |    180 |    200 |   1693 |   3 |  801.7 |
       Dungeon |   2405 |   2225 |    180 |    200 |   1693 |   3 |  801.7 |
               +--------+--------+--------+--------+--------+-----+--------+

Top non-repeatable levels by time:
     D:1: 1338 daAuts
     D:2: 844 daAuts
     D:3: 222 daAuts
